 Dungeon Crawl Stone Soup version 0.30-b1-2-g02819fbbbe (webtiles) character file.

Game seed: 8819169021920666672

1 Alarkh the Vexing (level 1, 0/15 HPs)
             Began as a Demonspawn Hexslinger on July 11, 2023.
             Slain by a kobold
             ... wielding a +0 dagger
              (3 damage)
             ... on level 1 of the Dungeon.
             The game lasted 00:00:12 (63 turns).

Alarkh the Vexing (Demonspawn Hexslinger)             Turns: 63, Time: 00:00:13

Health: 0/15       AC:  2    Str: 10    XL:     1   Next: 16%
Magic:  2/2        EV: 12    Int: 14    God:
Gold:   19         SH:  0    Dex: 13    Spells: 1/2 levels left

rFire   . . .        a - +1 sling
rCold   . . .        (no shield)
rNeg    . . .        c - +0 robe
rPois   .            (no helmet)
rElec   .            (no cloak)
rCorr   .            (no gloves)
SInv    .            (no boots)
Will    .....        (no amulet)
Stlth   +            (no ring)
HPRegen 0.22/turn    (no ring)
MPRegen 0.08/turn

%: no passive effects
@: no status effects
A: no striking features
a: no special abilities


You were on level 1 of the Dungeon.
You visited 1 branch of the dungeon, and saw 1 of its levels.

You collected 19 gold pieces.

Inventory:

Hand Weapons
 a - a +1 sling (weapon)
Armour
 c - a +0 robe (worn)


   Skills:
 + Level 1.0 Fighting
 * Level 1.8 Ranged Weapons
 - Level 1.7 Dodging
 - Level 1.0 Spellcasting
 - Level 3.0 Hexes


You had one spell level left.
You knew the following spells:

 Your Spells              Type           Power      Damage    Failure   Level
a - Slow                  Hex            36%        N/A       8%          1

Your spell library contained the following spells:

 Spells                   Type           Power      Damage    Failure   Level
 Inner Flame              Hex/Fire       4%         N/A       38%         3
 Portal Projectile        Hex/Tloc       8%         N/A       38%         3
 Cause Fear               Hex            4%         N/A       58%         4


Dungeon Overview and Level Annotations

Branches:
Dungeon (1/15)

Altars:


Message History

The kobold completely misses you. The kobold attacks as you move away!
The kobold hits you but does no damage.
The ball python attacks as you move away!
The ball python bites you but does no damage.
The ball python barely misses you. The ball python bites you.
The ball python closely misses you.
You shoot a sling bullet.
The sling bullet completely misses the ball python.
The sling bullet barely misses the kobold.
The ball python bites you. The ball python grabs you.
The ball python constricts you.
You shoot a sling bullet. The sling bullet hits the ball python.
You kill the ball python!
You shoot a sling bullet.
The sling bullet closely misses the kobold.
The sling bullet hits the kobold.
The kobold is severely wounded.
The kobold barely misses you.
You shoot a sling bullet.
The sling bullet closely misses the kobold.
The sling bullet hits the kobold.
You kill the kobold!
The kobold closely misses you. The kobold hits you but does no damage.
You shoot a sling bullet.
The sling bullet barely misses the kobold.
The sling bullet hits the gnoll but does no damage.
The kobold hits you with a +0 dagger.
You are too injured to fight recklessly!
You are too injured to fight recklessly!
You aren't carrying any potions.
Okay, then.
The kobold attacks as you move away! The kobold hits you with a +0 dagger.
* * * LOW HITPOINT WARNING * * *
Really read the scroll of poison?
Uppercase [Y]es or [N]o only, please.
Really read the scroll of poison?
The air fills with toxic fumes!
As you read the scroll of poison, it crumbles to dust.
The kobold hits you with a +0 dagger.
You die...

........# ##...#
....§§.###...##
....§###...##
#....§§§...#
###g#.##§§####
#......#.§§#
#......###§########
#.......##§§#§§§§§#
#.......###@§§§§§§#
#######§g§K§§§§§§§#
######§§§§§§#
##§§§§§# #§§§§§#
#§§§§§# #.§§§§#
######


You could see a gnoll and a kobold.

Vanquished Creatures
  A ball python (D:1)
  A kobold (D:1)
2 creatures vanquished.

Notes
Turn   | Place    | Note
-------+----------+-------------------------------------------
     0 | D:1      | Alarkh the Demonspawn Hexslinger began the quest for the
                  | Orb.
     0 | D:1      | Reached XP level 1. HP: 15/15 MP: 2/2
    63 | D:1      | Slain by a kobold

Illustrated notes

Levels and vault maps discovered:
D:1:      evilmike_arrival_crescent, layout_rooms,
          dreamdust_ecumenical_altar_hidden_monk_grotto

Action                     || total
---------------------------++-------
   Fire: Sling             ||    11
    Use: Scroll            ||     1
 Armour: Robe              ||     4
  Dodge: Dodged            ||     6
